 Dungeon Crawl Stone Soup version 0.27.1-34-g3ba077fa99 (webtiles) character file.

Game seed: 17451230733850153247

7 Fek the Skirmisher (level 1, 0/18 HPs)
             Began as a Demonspawn Berserker on Feb 6, 2022.
             Was a Follower of Trog.
             Slain by an endoplasm (1 damage)
             ... on level 1 of the Dungeon.
             The game lasted 00:00:35 (373 turns).

Fek the Skirmisher (Demonspawn Berserker)            Turns: 373, Time: 00:00:37

Health: 0/18       AC:  2    Str: 17    XL:     1   Next: 91%
Magic:  1/1        EV: 12    Int:  8    God:    Trog [*.....]
Gold:   47         SH:  0    Dex: 12    Spells: 0/0 levels left

rFire    . . .     SeeInvis .   a - +0 falchion
rCold    . . .     Faith    .   (no shield)
rNeg     . . .     Spirit   .   b - +0 animal skin
rPois    .         Reflect  .   (no helmet)
rElec    .         Harm     .   (no cloak)
rCorr    .         Rampage  .   (no gloves)
Will     .....                  (no boots)
Stlth    +.........             (no amulet)
HPRegen  0.06/turn              (no ring)
MPRegen  0.07/turn              (no ring)

@: no status effects
A: no striking features
a: Renounce Religion, Berserk


You were on level 1 of the Dungeon.
You worshipped Trog.
Trog was aware of your devotion.
You visited 1 branch of the dungeon, and saw 1 of its levels.

You collected 47 gold pieces.

Inventory:

Hand Weapons
 a - a +0 falchion (weapon)
Armour
 b - a +0 animal skin (worn)
Jewellery
 e - an amulet of magic regeneration
Scrolls
 c - a scroll of brand weapon {unknown}
 d - a scroll of identify {unknown}
 f - a scroll of enchant armour {unknown}


   Skills:
 + Level 3.2 Fighting
 + Level 2.9 Long Blades
 + Level 1.8 Armour
 + Level 1.8 Dodging


You couldn't memorise any spells.
You didn't know any spells.
Your spell library was empty.

Dungeon Overview and Level Annotations

Branches:
Dungeon (1/15)

Altars:


Message History

f - a scroll labelled MEAPOA DOESIOBO A bat comes into view.
Found a scroll labelled GAERRU NOPNA.
A bat is nearby!
An endoplasm and 2 giant cockroaches come into view.
The endoplasm quivers.
The bat hits you. x2
You closely miss the bat. The bat misses you. The bat closely misses you.
The bat hits you.
You completely miss the bat. The bat hits you. The bat completely misses you.
The giant cockroach closely misses you. The bat barely misses you.
The giant cockroach barely misses you.
You closely miss the bat. The bat hits you but does no damage.
The bat hits you.
The endoplasm jiggles.
The giant cockroach completely misses you.
You closely miss the bat. The bat hits you but does no damage. x2
The endoplasm freezes you.
You are frozen.
The giant cockroach bites you but does no damage.
You are too injured to fight recklessly!
You are too injured to fight recklessly!
You fail to use your ability.
The bat closely misses you. The endoplasm freezes you.
You are frozen.
* * * LOW HITPOINT WARNING * * *
The giant cockroach closely misses you.
You riposte.
You closely miss the giant cockroach.
You are too injured to fight recklessly!
You are too injured to fight recklessly!
You are too injured to fight recklessly!
You are too injured to fight recklessly!
You are too injured to fight recklessly!
You miss the bat. The bat hits you but does no damage. The bat hits you.
* * * LOW HITPOINT WARNING * * *
The giant cockroach closely misses you.
You riposte.
You barely miss the giant cockroach. The bat hits you.
* * * LOW HITPOINT WARNING * * *
The endoplasm hits you.
You die...

#.........#
#.........#
#.........#
#.........###+##
#...>.....#.....
.
#...............
.
#............?..
..##
#######.........
#..# #b@B......
#.. #.JB......
#. #......... #
#.........
#.........
#.........
#.........
#....#####


You could see an endoplasm, 2 giant cockroaches and a bat.

Vanquished Creatures
  A bat (D:1)
  An endoplasm (D:1)
  A giant cockroach (D:1)
  A hobgoblin (D:1)
  A quokka (D:1)
  A frilled lizard (D:1)
6 creatures vanquished.

Vanquished Creatures (others)
  A fungus (D:1)
1 creature vanquished.

Grand Total: 7 creatures vanquished

Notes
Turn   | Place    | Note
-------+----------+-------------------------------------------
     0 | D:1      | Fek the Demonspawn Berserker began the quest for the Orb.
     0 | D:1      | Reached XP level 1. HP: 18/18 MP: 1/1
   168 | D:1      | Found a faded altar of an unknown god.
   373 | D:1      | Slain by an endoplasm

Illustrated notes

Levels and vault maps discovered:
D:1:      dpeg_chamrin_arrival_tetris, layout_basic,
          shapermc_ecumenical_altar_gd

Action                   || total
-------------------------++-------
Melee: Falchion          ||    20
Armor: Animal skin       ||    10
Dodge: Dodged            ||    16
       Rpst.: Falchion   ||     8
